cohdb
Replays
Latest Replays
All Replays
Popular Replays
Top Player Replays
Match Explorer
How It Works
Community
CoH3 Stats
Reddit
Sign in to upload your games and track your stats! →
Sign in with Steam
Match 37978638
Unlisted
Match 37978638
Overview
Messages
Build Orders
End
Vickers Machine Gun Team
Construct Section Command Post
Infantry Section
Infantry Section
Infantry Section
Construct Platoon Command Post
Humber Armored Car
Construct Field Infirmary
Construct Company Command Post
Selects Air and Sea Battlegroup
Selects Commando Section Paradrop
Selects M1 Pack Howitzer Paradrop
Foot Guards Section
Commando Section Paradrop
Infantry Training
Selects Anti-tank Rocket Loiter
Matilda II Heavy Tank
Anti-tank Rocket Loiter
Selects Naval Blockade
Royal Engineer Section
Anti-tank Rocket Loiter
Matilda II Heavy Tank
Foot Guards Section
Foot Guards Section
Selects Centaur Medium Tank
Foot Guards Section
Anti-tank Rocket Loiter
Crusader II Medium Tank
Crusader II Medium Tank
STALKER4732
kit.ohume
Devochkin
Achilles Gaming @ YouTube
Banania
OK
0
0
Comments
sign in to comment!
No comments posted yet!